 Dungeon Crawl Stone Soup version 0.27.1-37-g7b29ead8ac (console) character file.

Game seed: 12365654114711466269

90724 grimtooth the Unseen (level 16, 0/98 HPs)
             Began as a Kobold Hunter on Jan 15, 2024.
             Was a High Priest of Nemelex Xobeh.
             Slain by an orc sorcerer (3 damage)
             ... while paralysed by an orc sorcerer
             ... on level 2 of the Orcish Mines on Jan 16, 2024.
             The game lasted 02:25:30 (31551 turns).

grimtooth the Unseen (Kobold Hunter)               Turns: 31551, Time: 02:25:30

Health: 0/98       AC: 12    Str: 15    XL:     16   Next: 48%
Magic:  27/27      EV:  3    Int: 14    God:    Nemelex Xobeh [*****.]
Gold:   1549       SH:  0    Dex: 21    Spells: 15/15 levels left

rFire    . . .     SeeInvis .   a - +5 rapier of Tension {vorpal, rPois}
rCold    + . .     Faith    .   A - +0 buckler
rNeg     . . .     Spirit   .   C - +1 leather armour {rC+}
rPois    +         Reflect  .   n - +0 helmet
rElec    .         Harm     .   V - +0 cloak
rCorr    .         Rampage  .   (no gloves)
Will     +....                  O - +0 pair of boots
Stlth    +++++++...             e - amulet of regeneration
HPRegen  1.26/turn              K - +4 ring of protection
MPRegen  0.20/turn              D - +6 ring of strength

@: paralysed
A: small, no large weapons, nightstalker 3
a: Renounce Religion, Draw Escape, Draw Destruction, Draw Summoning, Draw Stack,
Triple Draw, Deal Four, Stack Five


You were on level 2 of the Orcish Mines.
You worshipped Nemelex Xobeh.
Nemelex Xobeh was extremely pleased with you.
You visited 4 branches of the dungeon, and saw 21 of its levels.
You also visited: Ice Cave and Volcano.

You collected 1935 gold pieces.
You spent 386 gold pieces at shops.

Inventory:

Hand Weapons
 a - the +5 rapier of Tension (weapon) {vorpal, rPois}
   (You found it on level 4 of the Dungeon)

   It inflicts extra damage upon your enemies.
   rPois:     It protects you from poison.
 b - a +0 demon blade of draining
 g - a +2 short sword of venom
Missiles
 c - 34 boomerangs
 d - 6 throwing nets {=f}
 Y - 85 poisoned darts (quivered)
Armour
 n - a +0 helmet (worn)
 A - a +0 buckler (worn)
 C - a +1 leather armour of cold resistance (worn)
 O - a +0 pair of boots (worn)
 V - a +0 cloak (worn)
Jewellery
 e - an amulet of regeneration (around neck)
 y - a ring of resist corrosion
 B - a +6 ring of dexterity
 D - a +6 ring of strength (right hand)
 K - a +4 ring of protection (left hand)
 Q - a ring of see invisible
Wands
 i - a wand of flame (3)
 o - a wand of paralysis (4)
 w - a wand of iceblast (16)
 P - a wand of acid (7)
 R - a wand of mindburst (7)
Scrolls
 f - 3 scrolls of magic mapping
 k - a scroll of acquirement
 p - a scroll of immolation {unknown}
 v - 2 scrolls of summoning {unknown}
 x - 8 scrolls of teleportation
 L - 5 scrolls of blinking
 M - 5 scrolls of amnesia {unknown}
 S - 4 scrolls of fog
 T - a scroll of holy word {unknown}
 W - a scroll of vulnerability {unknown}
 Z - a scroll of silence {unknown}
Potions
 l - 2 potions of berserk rage
 s - 3 potions of haste
 t - 3 potions of brilliance
 u - a potion of ambrosia {unknown}
 E - 2 potions of heal wounds
 F - 3 potions of lignification
 G - 2 potions of curing
 H - 2 potions of cancellation
 I - 3 potions of magic
 U - 3 potions of flight
 X - 2 potions of invisibility
Miscellaneous
 q - a box of beasts (inert)
 N - a tin of tremorstones (2/2)


   Skills:
 + Level 10.4 Fighting
 - Level 12.0 Short Blades
 - Level 4.3 Throwing
 - Level 6.0 Armour
 * Level 14.2 Dodging
 - Level 15.3 Stealth
 - Level 6.0 Shields
 - Level 15.0 Invocations
 - Level 9.0 Evocations


You had 15 spell levels left.
You didn't know any spells.
Your spell library contained the following spells:

 Spells                   Type           Power      Damage    Failure   Level
 Apportation              Tloc           0%         N/A       34%         1
 Foxfire                  Conj/Fire      0%         2x1d4     34%         1
 Freeze                   Ice            0%         1d3       34%         1
 Magic Dart               Conj           0%         1d3       34%         1
 Blink                    Tloc           N/A        N/A       45%         2
 Call Imp                 Summ           0%         N/A       45%         2
 Ensorcelled Hibernation  Hex/Ice        0%         N/A       45%         2
 Slow                     Hex            0%         N/A       45%         2
 Static Discharge         Conj/Air       0%         N/A       45%         2
 Sublimation of Blood     Necr           0%         N/A       45%         2
 Confusing Touch          Hex            0%         N/A       71%         3
 Conjure Flame            Conj/Fire      0%         6-21      71%         3
 Frozen Ramparts          Ice            0%         1d2       71%         3
 Inner Flame              Hex/Fire       0%         N/A       71%         3
 Mephitic Cloud           Conj/Pois/Air  0%         N/A       71%         3
 Portal Projectile        Hex/Tloc       0%         N/A       71%         3
 Stone Arrow              Conj/Erth      0%         3d7       71%         3
 Summon Guardian Golem    Hex/Summ       0%         N/A       71%         3
 Animate Armour           Summ/Erth      0%         N/A       98%         4
 Cause Fear               Hex            0%         N/A       98%         4
 Dispel Undead            Necr           0%         3d6       98%         4
 Hailstorm                Conj/Ice       0%         3d3       98%         4
 Ice Form                 Ice/Tmut       0%         N/A       98%         4
 Leda's Liquefaction      Hex/Erth       0%         N/A       98%         4
 Petrify                  Tmut/Erth      0%         N/A       98%         4
 Sticky Flame             Conj/Fire      0%         2d3       98%         4
 Summon Ice Beast         Ice/Summ       0%         N/A       98%         4
 Alistair's Intoxication  Tmut/Pois      0%         N/A       100%        5
 Blade Hands              Tmut           0%         N/A       100%        5
 Bolt of Magma            Conj/Fire/Erth 0%         4d4       100%        5
 Excruciating Wounds      Necr           0%         N/A       100%        5
 Freezing Cloud           Conj/Ice/Air   0%         6-21      100%        5
 Irradiate                Conj/Tmut      0%         3d14      100%        5
 Manifold Assault         Tloc           0%         N/A       100%        5
 Metabolic Englaciation   Hex/Ice        0%         N/A       100%        5
 Yara's Violent Unravell  Hex/Tmut       0%         3d3       100%        5
 Invisibility             Hex            0%         N/A       100%        6
 Statue Form              Tmut/Erth      0%         N/A       100%        6
 Dragon Form              Tmut           0%         N/A       100%        7
 Orb of Destruction       Conj           0%         N/A       100%        7
 Ozocubu's Refrigeration  Ice            0%         4d5       100%        7
 Spellforged Servitor     Conj/Summ      0%         N/A       100%        7
 Storm Form               Tmut/Air       0%         N/A       100%        7
 Discord                  Hex            0%         N/A       100%        8
 Lehudib's Crystal Spear  Conj/Erth      0%         10d2      100%        8
 Dragon's Call            Summ           0%         N/A       100%        9
 Polar Vortex             Ice            0%         N/A       100%        9
 Shatter                  Erth           0%         3d5*      100%        9


Dungeon Overview and Level Annotations

Branches:
Dungeon (12/15)            Temple (1/1) D:5            Lair (6/6) D:11
 Spider (0/4) Lair:4        Slime (0/5) Lair:6          Orc (2/2) D:9
    Elf (0/3) Orc:2         IceCv (visited)         Volcano (visited)
  Swamp: Lair:2-4    Shoals: Lair:2-4

Altars:
Ashenzari
Cheibriados
Dithmenos
Elyvilon
Fedhas
Gozag
Hepliaklqana
Kikubaaqudgha
Makhleb
Nemelex Xobeh
Okawaru
Qazlal
Ru
Sif Muna
Trog
Uskayaw
Vehumet
Wu Jian
Xom
Yredelemnul
Zin
The Shining One
Beogh
Jiyva

Shops:
D:2 ?   Orc:2 (*=*

Portals:
Pandemonium: Orc:2

Annotations:
D:2 Sigmund
D:7 exclusions: 2 howler monkeys, 2 lemures and 2 orc wizards
D:9 Maggie
D:10 exclusion: two-headed ogre
D:12 2 transporters, exclusion: door
Lair:3 exclusions: hydra and swamp worm


Innate Abilities, Weirdness & Mutations

You are small and have problems with some larger weapons.
You are completely attuned to the shadows.


Message History

You kill the gelid demonspawn!
Things that are here:
a +2 demon trident of electrocution; a +0 plate armour; a gelid demonspawn corpse You block the orc sorcerer's attack.
The infernal demonspawn shouts!
There is an entrance to Osidets's Antique Weapon Emporium here.
Things that are here:
a +0 dagger; a +0 robe; an orc corpse You hit the orc sorcerer.
The orc sorcerer is lightly wounded.
You hit the orc sorcerer.
The orc sorcerer is moderately wounded.
The infernal demonspawn completely misses you.
The orc sorcerer misses you.
You closely miss the orc sorcerer.
The orc sorcerer is moderately wounded.
You barely miss the orc sorcerer.
The orc sorcerer is moderately wounded.
The infernal demonspawn closely misses you.
The orc sorcerer gestures at you while chanting.
You suddenly lose the ability to move!
The infernal demonspawn hits you with a +0 trident.
You are engulfed in flames!
The orc sorcerer hits you with a +0 dagger.
The infernal demonspawn hits you with a +0 trident!
You are engulfed in flames!
The orc sorcerer casts a spell.
The infernal demonspawn hits you with a +0 trident!
You are engulfed in flames!!
* * * LOW HITPOINT WARNING * * *
The orc sorcerer hits you but does no damage.
The ynoxinul gestures.
The orc sorcerer hits you but does no damage.
The infernal demonspawn hits you with a +0 trident.
* * * LOW HITPOINT WARNING * * *
You are engulfed in flames!!
* * * LOW HITPOINT WARNING * * *
The orc sorcerer hits you with a +0 dagger.
You die...
Your body glows with a rainbow of weird colours and disappears.

#..<.........###...## #....#..
.#........).###.....## ##...#..
...........###.#...#.## #...##.
..........###......)..## ##..###.
.........###...#.#.#)..###...##..
...#....###...##...##...###.##...
.......###)).##..#..##...####....
......###..)##..###..##...####...
.....###.#[##..##∩##..##.#.###...
....###..)##.)##.5.##..##...###..
#....###.#[##(.#@o∩#..##.#.###...
....[)###)..##.5#6#.)##...###)...
..<)))[###...##..35.##...###..)..
.##)##.[###...##.(.##...###).##..
###.###[[###...##.##.[.###)[####.
##.###.)###...###...###..#####.
### ##.[##....#....##).####...
##[)#.#.))).#.#.)###.....
##)[)..)).)....###......
##...#.#.#)..###.......
##.........###........


You could see an infernal demonspawn, a ynoxinul (summoned), an orc sorcerer and
3 ufetubi.

Vanquished Creatures
  Saint Roka (Orc:2)
  2 azure jellies (IceCv)
  A quicksilver ooze (IceCv)
  A boulder beetle (Lair:5)
  Harold (Orc:1)
  7 hydras
  A centaur warrior (D:11)
  12 death yaks
  A catoblepas (Lair:6)
  3 two-headed ogres
  5 orc high priests (Orc:2)
  A deep troll shaman (Lair:6)
  Urug (Lair:5)
  A soul eater (Orc:2)
  A sixfirhy (Orc:2)
  2 skeletal warriors (Volcano)
  An infernal demonspawn (Orc:2)
  A gelid demonspawn (Orc:2)
  A torturous demonspawn (Orc:2)
  A deep elf pyromancer (D:12)
  2 anaconda skeletons (Volcano)
  4 orc knights
  5 orc sorcerers (Orc:2)
  An ugly thing (D:12)
  4 cyclopes
  3 centaur zombies
  3 ice statues (IceCv)
  2 black mambas
  11 elephants
  3 gargoyles (Volcano)
  A torpor snail (Lair:4)
  An orange demon (Orc:2)
  15 cane toads
  12 komodo dragons
  3 rime drakes
  4 entropy weaver simulacra (IceCv)
  7 trolls
  2 polar bears
  A hornet (D:9)
  A harpy skeleton (Volcano)
  25 blink frogs
  18 slime creatures (IceCv)
  3 wraiths
  A flying skull (Volcano)
  52 yaks
  3 wyverns
  3 basilisks
  Eustachio (D:4)
  2 vampire mosquitoes (D:11)
  A chaos spawn (Orc:2)
  5 wargs
  3 acid dragons
  12 water moccasins
  A demonic crawler simulacrum (IceCv)
  4 ugly thing simulacra (IceCv)
  A black bear (Lair:6)
  36 orc warriors
  2 necrophages
  An ice beast (D:7)
  3 sky beasts
  5 ogres
  13 centaurs
  17 wolves
  A phantom (D:4)
  15 bullfrogs
  3 scorpions
  A glowing shapeshifter simulacrum (IceCv)
  A wyvern zombie (D:5)
  A water moccasin skeleton (D:7)
  7 killer bees
  A troll skeleton (Volcano)
  5 wights (D:9)
  A spriggan skeleton (Volcano)
  5 electric eels (D:11)
  2 bullfrog zombies
  4 hounds
  24 orc priests
  A jelly (D:5)
  Ijyb (D:3)
  Terence (D:2)
  9 orc wizards
  6 hell rats (Lair:3)
  A hound zombie (D:5)
  A hound skeleton (D:4)
  3 howler monkey zombies
  A howler monkey skeleton (D:6)
  3 gnolls (D:5)
  9 adders
  4 white imps
  An adder skeleton (D:2)
  6 worms
  5 dart slugs
  76 orcs
  6 ball pythons
  6 endoplasms
  3 giant cockroaches
  6 goblins
  3 hobgoblins
  4 kobolds
  A quokka (D:1)
  3 bats
  6 rats
  A butterfly (Lair:3)
580 creatures vanquished.

Vanquished Creatures (collateral kills)
  Jorgrun (Orc:1)
  An entropy weaver simulacrum (IceCv)
  5 slime creatures (IceCv)
  An ugly thing simulacrum (IceCv)
  A glowing shapeshifter simulacrum (IceCv)
  2 orc priests (D:8)
  An orc wizard (Orc:1)
  An orc (D:8)
13 creatures vanquished.

Vanquished Creatures (others)
  45 fungi
  46 plants
91 creatures vanquished.

Grand Total: 684 creatures vanquished

Notes
Turn   | Place    | Note
-------+----------+-------------------------------------------
     0 | D:1      | grimtooth the Kobold Hunter began the quest for the Orb.
     0 | D:1      | Reached XP level 1. HP: 12/12 MP: 1/1
   142 | D:1      | Reached skill level 1 in Short Blades
   381 | D:1      | Reached XP level 2. HP: 17/17 MP: 2/2
  1199 | D:2      | Reached XP level 3. HP: 21/21 MP: 3/3
  1251 | D:2      | Found Roaj's Magic Scroll Boutique.
  1256 | D:2      | Bought a scroll of identify for 24 gold pieces
  1256 | D:2      | Bought a scroll of identify for 24 gold pieces
  1347 | D:2      | Noticed Terence
  2199 | D:3      | Reached XP level 4. HP: 26/26 MP: 4/4
  2286 | D:3      | Noticed Ijyb
  2449 | D:2      | Found a faded altar of an unknown god.
  2653 | D:2      | Noticed Sigmund
  2745 | D:3      | Found a hazy altar of Hepliaklqana.
  3173 | D:4      | - sonofa...
  3538 | D:4      | Identified the +5 rapier of Tension {vorpal, rPois}
  3589 | D:4      | Noticed a phantom
  3609 | D:4      | Noticed Eustachio
  3654 | D:4      | Killed Eustachio
  3655 | D:4      | Reached skill level 5 in Short Blades
  3655 | D:4      | Reached skill level 5 in Stealth
  3655 | D:4      | Reached XP level 5. HP: 21/30 MP: 5/5
  3655 | D:4      | Reached XP level 6. HP: 24/35 MP: 6/6
  4700 | D:4      | Reached XP level 7. HP: 38/40 MP: 7/7
  4876 | D:5      | Entered Level 5 of the Dungeon
  5011 | D:5      | Found a staircase to the Ecumenical Temple.
  5016 | Temple   | Entered the Ecumenical Temple
  5308 | Temple   | Became a worshipper of Nemelex Xobeh the Trickster
  5647 | D:5      | Found a shimmering blue altar of Sif Muna.
  5649 | D:5      | Found a blossoming altar of Fedhas.
  5649 | D:5      | Found a sacrificial altar of Ru.
  5977 | D:5      | Reached XP level 8. HP: 35/44 MP: 8/8
  6245 | D:2      | Killed Terence
  6599 | D:3      | Killed Ijyb
  6740 | D:5      | Reached skill level 5 in Dodging
  6977 | D:6      | Reached * piety under Nemelex Xobeh
  7354 | D:6      | Received a gift from Nemelex Xobeh
  7593 | D:6      | Reached skill level 1 in Invocations
  8006 | D:2      | Bought a scroll of teleportation for 36 gold pieces
  8006 | D:2      | Bought a scroll of teleportation for 36 gold pieces
  8392 | D:7      | Reached ** piety under Nemelex Xobeh
  8408 | D:7      | Reached XP level 9. HP: 48/48 MP: 11/11
  8753 | D:8      | Reached skill level 10 in Short Blades
  8753 | D:8      | Reached skill level 5 in Invocations
  9426 | D:8      | Received a gift from Nemelex Xobeh
 10378 | D:9      | Found a staircase to the Orcish Mines.
 10490 | D:9      | Reached XP level 10. HP: 44/53 MP: 15/15
 10857 | D:9      | Noticed Maggie
 11737 | D:9      | Noticed a cyclops
 11748 | D:9      | Killed a cyclops
 11905 | D:9      | Reached *** piety under Nemelex Xobeh
 12432 | D:10     | Entered Level 10 of the Dungeon
 12554 | D:10     | Noticed a two-headed ogre
 12957 | D:10     | Received a gift from Nemelex Xobeh
 13088 | D:10     | Reached XP level 11. HP: 51/62 MP: 17/17
 13620 | D:11     | Noticed a two-headed ogre
 13889 | D:11     | Killed a two-headed ogre
 13890 | D:11     | Reached skill level 5 in Fighting
 14435 | D:11     | Reached skill level 10 in Dodging
 14644 | D:11     | Received a gift from Nemelex Xobeh
 15179 | D:11     | Found a staircase to the Lair.
 15385 | D:11     | Reached **** piety under Nemelex Xobeh
 15385 | D:11     | Received a gift from Nemelex Xobeh
 15419 | D:11     | Noticed a centaur warrior
 15436 | D:11     | Killed a centaur warrior
 15475 | D:11     | Reached skill level 1 in Shields
 15475 | D:11     | Reached skill level 1 in Evocations
 15831 | Lair:1   | Entered Level 1 of the Lair of Beasts
 15853 | Lair:1   | Reached XP level 12. HP: 70/70 MP: 18/18
 16026 | Lair:1   | Found a glowing golden altar of the Shining One.
 16494 | Lair:1   | Reached skill level 10 in Stealth
 16668 | Lair:2   | Received a gift from Nemelex Xobeh
 16984 | Lair:2   | Reached ***** piety under Nemelex Xobeh
 17580 | Lair:3   | Reached skill level 5 in Shields
 17580 | Lair:3   | Reached skill level 5 in Evocations
 17706 | Lair:3   | Received a gift from Nemelex Xobeh
 17991 | Lair:3   | Noticed a seven-headed hydra
 18141 | Lair:3   | Reached XP level 13. HP: 60/74 MP: 19/19
 18665 | Lair:4   | Found a hole to the Spider Nest.
 18936 | Lair:4   | Found a frozen archway.
 18944 | IceCv    | Entered an ice cave
 18968 | IceCv    | Received a gift from Nemelex Xobeh
 18968 | IceCv    | Noticed a quicksilver ooze
 18973 | IceCv    | Killed a quicksilver ooze
 19363 | IceCv    | Got Xorghu's Tome of the Glacier
 19365 | IceCv    | Got the Collected Works on Cold
 20163 | IceCv    | Reached skill level 10 in Invocations
 20232 | IceCv    | Noticed an azure jelly
 20234 | IceCv    | Found a viscous altar of Jiyva.
 20234 | IceCv    | Noticed an azure jelly
 20236 | IceCv    | Killed an azure jelly
 20239 | IceCv    | Killed an azure jelly
 20240 | IceCv    | Reached XP level 14. HP: 80/80 MP: 21/21
 20249 | IceCv    | Identified the +2 ice dragon scales of the Circus Animal
                  | {rF- rC++ Slay+2}
 20252 | IceCv    | Got Kaco's Guide on the Glacier
 20507 | Lair:4   | Reached skill level 15 in Stealth
 20924 | Lair:4   | Reached skill level 1 in Armour
 21215 | Lair:4   | Received a gift from Nemelex Xobeh
 21660 | Lair:5   | Identified the +6 hunting sling "Jourch" {freeze, SInv}
 21972 | Lair:5   | Found a dark tunnel.
 21984 | Volcano  | Entered a volcano
 22081 | Volcano  | Received a gift from Nemelex Xobeh
 22578 | Lair:5   | Noticed Urug
 23009 | Lair:5   | Killed Urug
 23446 | Lair:5   | Reached XP level 15. HP: 76/88 MP: 24/24
 23998 | Lair:6   | Entered Level 6 of the Lair of Beasts
 24058 | Lair:6   | Received a gift from Nemelex Xobeh
 24434 | Lair:6   | Found a viscous altar of Jiyva.
 24434 | Lair:6   | Found a staircase to the Slime Pits.
 24934 | Lair:6   | Received a gift from Nemelex Xobeh
 25269 | Lair:6   | Reached skill level 5 in Armour
 26172 | D:2      | Bought a scroll of enchant armour for 90 gold pieces
 26172 | D:2      | Bought a scroll of fog for 24 gold pieces
 26172 | D:2      | Bought a scroll of enchant weapon for 90 gold pieces
 26172 | D:2      | Bought a scroll of magic mapping for 42 gold pieces
 26382 | D:12     | Found a transporter.
 26549 | D:12     | Reached ****** piety under Nemelex Xobeh
 26704 | D:12     | Found a transporter.
 26787 | D:12     | Received a gift from Nemelex Xobeh
 27055 | Orc:1    | Entered Level 1 of the Orcish Mines
 27218 | Orc:1    | Noticed Harold
 27309 | Orc:1    | Killed Harold
 27428 | Orc:2    | Entered Level 2 of the Orcish Mines
 27584 | Orc:1    | Noticed Jorgrun
 27597 | Orc:1    | Killed Jorgrun
 27598 | Orc:1    | Reached skill level 15 in Invocations
 27666 | Orc:1    | Received a gift from Nemelex Xobeh
 27976 | Orc:2    | Found a staircase to the Elven Halls.
 28329 | Orc:2    | - well this is a terrible layout... looks like Pan-gate
 28392 | Orc:2    | Found Jocir Zifat's General Store.
 28577 | Orc:2    | Found Geavem's General Store.
 28646 | Orc:2    | Bought a scroll of identify for 20 gold pieces
 28646 | Orc:2    | Identified a scroll of acquirement
 28861 | Orc:2    | Reached XP level 16. HP: 87/96 MP: 27/27
 29550 | Orc:2    | Noticed Saint Roka
 30284 | Orc:2    | Received a gift from Nemelex Xobeh
 30369 | Orc:2    | Killed Saint Roka
 30370 | Orc:2    | Reached skill level 10 in Fighting
 31404 | Orc:2    | Found Tebaos's Jewellery Shoppe.
 31404 | Orc:2    | Found Osidets's Antique Weapon Emporium.
 31490 | Orc:2    | Found a one-way gate leading to the halls of Pandemonium.
 31546 | Orc:2    | Paralysed by an orc sorcerer for 6 turns
 31550 | Orc:2    | HP: 2/98 [infernal demonspawn (19)]
 31551 | Orc:2    | Slain by an orc sorcerer

Illustrated notes ## #### .###.. ..##.# #.#.# #.##.# #... #....### ..## ##.....########..# #.###...........# #..# ###########@# #.## #o# ooo ..... #...... Turn 3173 on D:4: - sonofa...

#......................##
##..##.#..............##
##.####.............##
#...###.......#....##
##.##.............##
##.#.............##
#...............##
##.##.....#....##
#######>..#....##
#.........##
##....<.@..##
###.##)##..# ####.###..#
##.###..# ### #..# #.o


Turn 28329 on Orc:2: - well this is a terrible layout... looks like Pan-gate

Levels and vault maps discovered:
D:1:      erik_arrival_orb_chamber, layout_rooms, minivault_19
D:2:      layout_basic, ebering_ecumenical_altar_sacrificial, serial_shops,
          shop, minmay_pentomino_x4, uniq_sigmund, uniq_terence
D:3:      layout_basic, mainiacjoe_overflow_concentric_impassable, uniq_ijyb
D:4:      minmay_diamond_boxcup, layout_rooms, uniq_eustachio
D:5:      layout_cave_pools, chequers_temple_overflow_statue_of_worship,
          temple_doors_e, grunt_ministairs_15, patterned_corridor
D:6:      layout_gridville
D:7:      layout_cave_pools, uniq_pikel
D:8:      layout_loops_corners, nicolae_sextant
D:9:      layout_basic, orc_0_dummy, laboratory, uniq_erica, uniq_maggie
D:10:     layout_basic
D:11:     layout_roguey, erik_lair_island
D:12:     layout_cave_pools, nzn_ghost_randoct, grunt_tough_drop
Temple:   dpeg_five_rooms_temple
Lair:1:   layout_chaotic_city, basic_altar
Lair:2:   layout_hall_layers
Lair:3:   layout_concentric_octagons, palyth_hydra_swamp_entry,
          lemuel_fruit_fields, grunt_megastairs_1
Lair:4:   layout_regular_city, nicolae_spider_entry_non_spiders,
          portal_ice_cave_entry_pillars_2, serial_bayou_shore_b,
          lemuel_fruit_fields
Lair:5:   layout_concentric_octagons, enter_volcano_1, grunt_megastairs_3,
          uniq_urug
Lair:6:   grunt_lair_end_beastmaster, layout_gridlike, slime_altar_1,
          chequers_serial_rivers_micro_d, chequers_serial_rivers_room_a
Orc:1:    layout_caves, mines1_david, uniq_harold, uniq_jorgrun
Orc:2:    pf_orc_diabolical, layout_caves, uniq_saint_roka

Skill      XL: |  1  2  3  4  5  6  7  8  9 10 11 12 13 14 15 16 |
---------------+-------------------------------------------------+-----
Short Blades   | 1 2 3 5 6 8 9 10 12 | 12.0
Stealth        | 2 3 5 6 8 9 11 14 15 | 15.3
Dodging        | 4 6 7 12 14 | 14.2
Invocations    | 3 6 9 10 13 15 | 15.0
Fighting       | 4 6 8 9 10 | 10.4
Shields        | 1 5 6 |  6.0
Evocations     | 1 6 9 |  9.0
Armour         | 3 6 |  6.0
Throwing       | |  4.3

Action                   |  1- 3 |  4- 6 |  7- 9 | 10-12 | 13-15 | 16-18 || total
-------------------------+-------+-------+-------+-------+-------+-------++-------
Melee: Short sword       |    33 |       |       |   289 |   627 |    81 ||  1030
       Dagger            |    30 |    75 |   292 |   176 |    52 |       ||   625
       Rapier            |       |     4 |    23 |   257 |   801 |   258 ||  1343
 Fire: Hunting sling     |     8 |     8 |    19 |       |       |       ||    35
Throw: Boomerang         |     7 |       |     1 |    24 |    27 |       ||    59
       Stone             |     3 |       |     2 |       |       |       ||     5
       Dart              |       |       |       |    18 |    24 |    13 ||    55
Invok: Draw Summoning    |       |       |     1 |       |     3 |       ||     4
       Draw Destruction  |       |       |       |     3 |     5 |     3 ||    11
       Stack Five        |       |       |       |       |     1 |       ||     1
       Draw Escape       |       |       |       |       |     1 |       ||     1
       Deal Four         |       |       |       |       |       |     1 ||     1
Evoke: Wand              |       |       |     1 |     8 |    22 |     9 ||    40
       Box of beasts     |       |       |       |       |     1 |     1 ||     2
  Use: Scroll            |     3 |     2 |     5 |     4 |     6 |     1 ||    21
       Potion            |       |       |     2 |     3 |     3 |       ||     8
 Stab: Sleeping          |     7 |     8 |    23 |    29 |    70 |       ||   137
       Distracted        |       |       |     1 |     2 |     4 |     3 ||    10
       Petrified         |       |       |       |       |     4 |       ||     4
Armor: Leather armour    |    17 |    10 |    38 |    82 |   144 |    23 ||   314
Dodge: Dodged            |    39 |    30 |    70 |   374 |   795 |   184 ||  1492
Block: Other             |       |     7 |    34 |    70 |       |       ||   111
       Reflection        |       |       |     1 |       |       |       ||     1
       Buckler           |       |       |       |    21 |   349 |    94 ||   464
